 Dungeon Crawl Stone Soup version 0.15-a0-1309-g3520d71 (webtiles) character file.

366 Quh the Magician (level 6, -1/41 HPs)
             Began as a Demonspawn Wizard on June 7, 2014.
             Killed from afar by Ijyb (18 damage)
             ... with a wand of cold
             ... on Level 5 of the Dungeon.
             The game lasted 00:28:29 (5400 turns).

Quh the Magician (Demonspawn Wizard)                Turns: 5400, Time: 00:28:30

HP  -1/41        AC  5     Str  7      XL: 6   Next: 40%
MP  17/24        EV 12     Int 22      God:
Gold 80          SH  0     Dex 11      Spells:  5 memorised,  3 levels left

rFire  . . .     SeeInvis .     l - +4,+1 dagger
rCold  . . .     Clarity  .     x - +0 robe
rNeg   . . .     rCorr    .     (no shield)
rPois  .         rRot     .     b - +0 hat
rElec  .         Spirit   .     q - +0 cloak (curse)
SustAb .         Warding  .     (no gloves)
rMut   .         Stasis   .     (no boots)
Gourm  .                        (no amulet)
MR     .....                    F - ring of magical power
                                t - ring of flight

@: very slightly contaminated, repel missiles, not resistant to hostile
enchantments, unstealthy
A: talons 2, yellow scales 1, demonic guardian 1
a: Evoke Flight


You were on level 5 of the Dungeon.
You were hungry.

You visited 1 branch of the dungeon, and saw 5 of its levels.

You collected 80 gold pieces.

Inventory:

Hand weapons
 f - a -1,-3 spear
 j - a +0,+0 short sword
 k - a +0,+0 short sword
 l - a +4,+1 dagger (weapon)
 o - a +0,+0 dagger
Missiles
 e - 9 sling bullets of frost
 i - 105 stones (quivered)
 u - 27 arrows
Armour
 a - a +0 robe
 b - a +0 hat (worn)
 m - a +0 robe
 q - a cursed +0 cloak (worn)
 x - a +0 robe (worn)
Magical devices
 D - a wand of cold (9)
Comestibles
 d - 3 bread rations
 w - a meat ration
 z - a royal jelly
 E - 2 rotting chunks of gnoll flesh
Scrolls
 h - 4 scrolls of identify
 p - 3 scrolls of teleportation {unknown}
 s - a scroll of enchant weapon II {unknown}
 y - a scroll of enchant weapon I {unknown}
 A - a scroll of noise
 B - a scroll of remove curse
 C - a scroll of recharging {unknown}
Jewellery
 t - a ring of flight (left hand)
 F - a ring of magical power (right hand)
Potions
 g - 3 potions of restore abilities
 n - 4 potions of curing {unknown}
 r - 2 potions of heal wounds {unknown}
 v - a potion of brilliance {unknown}
Books
 c - a book of Minor Magic

   Spells                             Type                      Level
   *Magic Dart                        Conjuration                  1
   *Blink                             Translocation                2
   *Call Imp                          Summoning                    2
   *Repel Missiles                    Charms/Air                   2
   Slow                               Hexes                        2
   Conjure Flame                      Conjuration/Fire             3
   *Mephitic Cloud                    Conjuration/Poison/Air       3


   Skills:
 - Level 1.7 Dodging
 - Level 1.7 Stealth
 * Level 4.0 Spellcasting
 * Level 3.5 Conjurations
 + Level 2.8 Summonings
 + Level 2.2 Translocations
 * Level 2.2 Air Magic


You had 3 spell levels left.
You knew the following spells:

 Your Spells              Type           Power        Failure   Level  Hunger
a - Magic Dart            Conj           ###.         2%          1    None
b - Blink                 Tloc           N/A          10%         2    #......
c - Call Imp              Summ           ###.....     8%          2    #......
d - Repel Missiles        Chrm/Air       #.....       12%         2    #......
e - Mephitic Cloud        Conj/Pois/Air  ##......     17%         3    ###....


Dungeon Overview and Level Annotations

Branches:
Dungeon (5/15)
 Temple: D:4-7

Altars:
Ashenzari
Qazlal
Trog

Annotations:
D:5 Ijyb


Innate Abilities, Weirdness & Mutations

You have razor-sharp toenails.
You are partially covered in yellow scales (AC +2).
A weak demonic guardian rushes to your aid.


Message History

Casting: Call Imp
Confirm with . or Enter, or press ? or * to list all spells.
You miscast Call Imp.
You are very lightly contaminated with residual magic.
You hear strange voices.
Ijyb zaps a wand.
The bolt of cold hits your white imp.
Your white imp resists.
The bolt of cold hits you!
Your white imp completely misses Ijyb.
Casting: Call Imp
Confirm with . or Enter, or press ? or * to list all spells.
A shadowy apparition takes form in the air.
Ijyb hits your white imp with a dagger.
Your white imp dies!
Casting: Call Imp
Confirm with . or Enter, or press ? or * to list all spells.
A beastly little devil appears in a puff of frigid air.
Your shadow imp gestures at Ijyb.
Ijyb convulses in agony!
Ijyb zaps a wand.
The bolt of cold hits you!
You die...

...## _... ...
.. ##.# #g5#
#.# #.#
######@########
#<...5......>..
#..............
#..............
###############


You could see Ijyb, a friendly white imp and a friendly shadow imp.

Vanquished Creatures
  A hound (D:4)
  A crimson imp (D:5)
  A hound skeleton (D:4)
  2 gnolls (D:4)
  3 adders
  A worm (D:2)
  An orc skeleton (D:4)
  3 oozes
  3 orcs (D:4)
  11 bats
  A bat skeleton (D:4)
  4 giant cockroaches
  7 goblins
  12 hobgoblins
  14 jackals
  2 quokkas
  A ball python (D:1)
  5 giant newts
  A goblin skeleton (D:4)
  8 kobolds
  A kobold skeleton (D:4)
  9 rats
92 creatures vanquished.

Vanquished Creatures (collateral kills)
  An ogre (D:4)
  A centaur skeleton (D:4)
  A hound (D:4)
  An orc priest (D:4)
  An orc wizard (D:3)
  An adder (D:2)
  2 gnolls
  A worm (D:3)
  An adder skeleton (D:4)
  An ooze (D:2)
  7 orcs
  3 goblins
  A hobgoblin (D:3)
  3 jackals (D:2)
  A bat (D:3)
  A kobold (D:4)
  2 quokkas
29 creatures vanquished.

Vanquished Creatures (others)
  A wizard (D:4)
  2 crimson imps (D:4)
  A shadow imp (D:4)
  5 white imps
  3 ufetubi
12 creatures vanquished.

Grand Total: 133 creatures vanquished

Notes
Turn   | Place    | Note
--------------------------------------------------------------
     0 | D:1      | Quh, the Demonspawn Wizard, began the quest for the Orb.
     0 | D:1      | Reached XP level 1. HP: 13/13 MP: 4/4
   560 | D:1      | Gained mutation: A weak demonic guardian rushes to your aid. [demonic ancestry]
   560 | D:1      | Reached XP level 2. HP: 11/19 MP: 0/6
   564 | D:1      | Learned a level 2 spell: Blink
   567 | D:1      | Learned a level 2 spell: Call Imp
   819 | D:1      | Reached skill level 1 in Translocations
  1445 | D:1      | Learned a level 2 spell: Repel Missiles
  1568 | D:2      | Reached XP level 3. HP: 24/24 MP: 3/7
  1933 | D:2      | Found a shattered altar of Ashenzari.
  2485 | D:2      | Reached skill level 1 in Air Magic
  2708 | D:2      | Gained mutation: You are partially covered in yellow scales (AC +2). [demonic ancestry]
  2708 | D:2      | Reached XP level 4. HP: 30/30 MP: 3/9
  3720 | D:4      | Gained mutation: You have sharp toenails. [demonic ancestry]
  3720 | D:4      | Reached XP level 5. HP: 19/35 MP: 1/11
  3909 | D:4      | Learned a level 3 spell: Mephitic Cloud
  4522 | D:4      | Noticed an ogre
  4539 | D:4      | Killed an ogre
  4539 | D:4      | Gained mutation: You have razor-sharp toenails. [demonic ancestry]
  4539 | D:4      | Reached XP level 6. HP: 41/41 MP: 7/13
  4975 | D:4      | Found a bloodstained altar of Trog.
  4975 | D:4      | Noticed a wizard
  4981 | D:4      | Killed a wizard
  5125 | D:4      | Reached skill level 4 in Spellcasting
  5280 | D:5      | Entered Level 5 of the Dungeon
  5389 | D:5      | Found a stormy altar of Qazlal.
  5390 | D:5      | Noticed Ijyb
  5400 | D:5      | Killed from afar by Ijyb

Action                   |  1- 3 |  4- 6 || total
-------------------------+-------+-------++-------
Melee: Spear             |     5 |       ||     5
       Dagger            |    28 |    54 ||    82
 Cast: Magic Dart        |    98 |   152 ||   250
       Call Imp          |     6 |    31 ||    37
       Blink             |       |     2 ||     2
       Mephitic Cloud    |       |     1 ||     1
       Repel Missiles    |       |     1 ||     1
  Use: Scroll            |     3 |     1 ||     4
